 Dungeon Crawl Stone Soup version 0.29.1-2-gbd0b4ee654 (webtiles) character file.

Game seed: 16526187692564699040

581 KittyFluff the Cudgeller (level 7, -3/44 HPs)
             Began as a Gargoyle Berserker on Nov 14, 2022.
             Was a Priest of Trog.
             Slain by an iguana (10 damage)
             ... on level 5 of the Dungeon.
             The game lasted 00:16:06 (4488 turns).

KittyFluff the Cudgeller (Gargoyle Berserker)       Turns: 4488, Time: 00:16:06

Health: -3/44      AC: 11    Str: 19    XL:     7   Next: 36%
Magic:  7/7        EV: 12    Int:  7    God:    Trog [***...]
Gold:   286        SH:  4    Dex: 14    Spells: 6/6 levels left

rFire   . . .      SeeInvis +   a - +0 mace
rCold   + . .      Faith    .   q - +0 buckler "Zylel" {Harm rC+ Str-2 Dex+3}
rNeg    + . .      Spirit   .   E - +0 leather armour
rPois   ∞          Reflect  .   g - +0 helmet
rElec   +          Harm     +   (no cloak)
rCorr   .          Rampage  .   k - +0 pair of gloves
Will    .....                   h - +0 pair of boots
Stlth   ++........              (no amulet)
HPRegen 0.14/turn               o - ring of see invisible
MPRegen 0.10/turn               (no ring)

@: no status effects
A: sickness immunity, AC +4, negative energy resistance 1, electricity
resistance, torment resistance 1, petrification resistance
a: Renounce Religion, Berserk, Trog's Hand


You were on level 5 of the Dungeon.
You worshipped Trog.
Trog was most pleased with you.
You visited 1 branch of the dungeon, and saw 5 of its levels.

You collected 286 gold pieces.

Inventory:

Hand Weapons
 a - a +0 mace (weapon)
 d - a +0 sling
 D - a +0 morningstar
Missiles
 l - 2 javelins
 y - 5 boomerangs (quivered)
 z - 8 poisoned darts
Armour
 g - a +0 helmet (worn)
 h - a +0 pair of boots (worn)
 k - a +0 pair of gloves (worn)
 q - the +0 buckler "Zylel" (worn) {Harm rC+ Str-2 Dex+3}
   (You found it on level 2 of the Dungeon)

   Str:       It affects your strength (-2).
   Dex:       It affects your dexterity (+3).
   rC:        It protects you from cold.
   Harm:      It increases damage dealt and taken.
 E - a +0 leather armour (worn)
Jewellery
 o - a ring of see invisible (left hand)
 A - a ring of ice
Wands
 s - a wand of mindburst (16)
Scrolls
 e - 2 scrolls of enchant armour {unknown}
 f - 2 scrolls of identify
 j - a scroll of vulnerability {unknown}
 m - 2 scrolls of immolation {unknown}
 r - a scroll of fear {unknown}
 t - 6 scrolls of teleportation {unknown}
 u - a scroll of torment {unknown}
 w - a scroll of fog {unknown}
 x - a scroll of summoning {unknown}
 C - a scroll of noise {unknown}
Potions
 c - 3 potions of invisibility
 i - 4 potions of curing
 n - 3 potions of heal wounds
 p - 4 potions of haste
 v - 5 potions of flight
 B - a potion of attraction


   Skills:
 + Level 4.6 Fighting
 + Level 5.3 Maces & Flails
 * Level 3.9 Armour
 + Level 2.9 Dodging
 + Level 1.8 Stealth
 * Level 2.7 Shields


You had 6 spell levels left.
You didn't know any spells.
Your spell library was empty.

Dungeon Overview and Level Annotations

Branches:
Dungeon (5/15)
 Temple: D:4-7

Altars:
Nemelex Xobeh
Ru
Sif Muna
Zin


Innate Abilities, Weirdness & Mutations

You are immune to sickness and miasma.
Your stone body is resilient. (AC +4)
You are immune to poison.
You resist negative energy. (rN+)
You are resistant to electric shocks. (rElec)
You are resistant to unholy torment.
You are immune to petrification.


Message History

The iguana is severely wounded.
The iguana bites you.
You hit the iguana but do no damage.
The iguana is severely wounded.
The iguana bites you but does no damage.
You hit the iguana but do no damage.
The iguana is severely wounded.
You block the iguana's attack.
You hit the iguana but do no damage.
The iguana is severely wounded.
The iguana misses you.
You hit the iguana.
The iguana is almost dead.
The iguana misses you.
You closely miss the iguana.
The iguana is almost dead.
The iguana bites you! The iguana bites you.
You hit the iguana but do no damage.
The iguana is almost dead.
The iguana closely misses you.
You barely miss the iguana.
The iguana is almost dead.
The iguana bites you!
* * * LOW HITPOINT WARNING * * *
You barely miss the iguana.
The iguana is almost dead.
The iguana barely misses you.
You hit the iguana but do no damage.
The iguana is almost dead.
The iguana closely misses you.
You barely miss the iguana.
The iguana is almost dead.
The iguana misses you.
You hit the iguana but do no damage.
The iguana is almost dead.
The iguana bites you but does no damage. x2
You hit the iguana but do no damage.
The iguana is almost dead.
The iguana bites you!
You die...

#.....'...#
#.....###.##
#.....# #..#
#.....# ##†##
####### #..#
##.#### #....#
#######.###
.........@#
########.l....>#
.....###.#
#.......
.$..##.### ##...
.# ##.# .. ..
.##


You could see an iguana.

Vanquished Creatures
  A black bear (D:5)
  2 phantoms
  A scorpion (D:5)
  A hound (D:4)
  An iguana (D:5)
  2 orc wizards (D:4)
  11 adders
  A worm (D:4)
  2 dart slugs
  12 orcs
  7 ball pythons
  9 endoplasms
  A giant cockroach (D:2)
  6 hobgoblins
  2 jackals (D:4)
  5 kobolds
  4 quokkas
  3 bats
  A frilled lizard (D:2)
  2 rats (D:2)
74 creatures vanquished.

Notes
Turn   | Place    | Note
-------+----------+-------------------------------------------
     0 | D:1      | KittyFluff the Gargoyle Berserker began the quest for the
                  | Orb.
     0 | D:1      | Reached XP level 1. HP: 14/14 MP: 1/1
   283 | D:1      | Reached XP level 2. HP: 19/19 MP: 2/2
  1360 | D:2      | Reached XP level 3. HP: 19/24 MP: 3/3
  1671 | D:2      | Identified the +0 buckler "Zylel" {Harm rC+ Str-2 Dex+3}
  1838 | D:2      | Reached XP level 4. HP: 29/29 MP: 4/4
  1946 | D:2      | Found a faded altar of an unknown god.
  2151 | D:3      | Reached ** piety under Trog
  2291 | D:3      | Found a sparkling altar of Nemelex Xobeh.
  2482 | D:3      | Reached skill level 4 in Maces & Flails
  2482 | D:3      | Reached skill level 1 in Stealth
  2482 | D:3      | Reached skill level 1 in Shields
  2482 | D:3      | Reached XP level 5. HP: 33/33 MP: 5/5
  3166 | D:4      | Found a sacrificial altar of Ru.
  4019 | D:4      | Reached XP level 6. HP: 37/38 MP: 6/6
  4118 | D:5      | Entered Level 5 of the Dungeon
  4194 | D:5      | Noticed a black bear
  4214 | D:5      | Killed a black bear
  4215 | D:5      | Reached skill level 5 in Maces & Flails
  4215 | D:5      | Reached XP level 7. HP: 25/44 MP: 7/7
  4284 | D:5      | Found a glowing silver altar of Zin.
  4367 | D:5      | Found a shimmering blue altar of Sif Muna.
  4459 | D:5      | Reached *** piety under Trog
  4488 | D:5      | Slain by an iguana

Illustrated notes

Levels and vault maps discovered:
D:1:      dpeg_arrival_round_a, layout_loops_ring
D:2:      layout_rooms, hellmonk_ecumenical_altar_heavens_door
D:3:      layout_rooms, nemelex_diamond_rough_becter, minmay_joined_circles
D:4:      layout_basic, nicolae_ru_sacrificial_ziggurat
D:5:      layout_basic, zin_scriptorium, kennysheep_mini_moat,
          minmay_temple_entry_enclosed_plants, portal_sewer_entry_e,
          enter_ossuary_2

Skill      XL: |  1  2  3  4  5  6 |
---------------+-------------------+-----
Dodging        | 2 |  2.9
Fighting       | 4 |  4.6
Maces & Flails | 4 5 |  5.3
Armour         | 3 |  3.9
Stealth        | 1 |  1.8
Shields        | 1 2 |  2.7

Action                   |  1- 3 |  4- 6 |  7- 9 || total
-------------------------+-------+-------+-------++-------
Melee: Mace              |    80 |   183 |    34 ||   297
Invok: Berserk           |       |     1 |       ||     1
  Use: Scroll            |       |     8 |       ||     8
 Stab: Sleeping          |       |     4 |       ||     4
Armor: Animal skin       |    35 |    71 |       ||   106
       Leather armour    |       |    52 |     9 ||    61
Dodge: Dodged            |    54 |   101 |    19 ||   174
Block: Buckler           |     2 |    45 |     7 ||    54
